PAA
MARQUETTE MINERS @ IRVING BLUE SOX
08/01/2020
 
TOP OF THE 1ST
Marquette Miners batting - Pitching for Irving Blue Sox : RHP Andy Perry
Pitching: RHP Andy Perry
Batting: RHB Jesús López 0-0: Ball
1-0: Ball
2-0: Swinging Strike
2-1: Foul Ball, location: 2F
2-2: Strikes out swinging
Batting: SHB Orlando Deleón 0-0: Ball
1-0: Ball
2-0: Foul Ball, location: 2F
2-1: Ball
3-1: Foul Ball, location: 2F
3-2: Base on Balls
Batting: RHB Kade Knowles 0-0: Ball
1-0: Fly out, F9 (Flyball, 89M)
Batting: LHB Jorge Flores 0-0: Ball
1-0: Ball
2-0: Called Strike
2-1: Ball
3-1: Foul Ball, location: 2F
3-2: Strikes out swinging
Top of the 1st over - 0 run(s), 0 hit(s), 0 error(s), 1 left on base; Marquette 0 - Irving 0
BOTTOM OF THE 1ST
Irving Blue Sox batting - Pitching for Marquette Miners : RHP Héctor Rosado
Pitching: RHP Héctor Rosado
Batting: RHB Nathan Boswell 0-0: Foul Ball, location: 2F
0-1: Ball
1-1: Foul Ball, location: 2F
1-2: Foul Ball, location: 2F
1-2: Fly out, F8 (Flyball, 8RM)
Batting: RHB Júlio López 0-0: Fly out, F6 (Popup, 6MD)
Batting: RHB Stan Barnes 0-0: Called Strike
0-1: SINGLE (Popup, 34D)
Batting: RHB Jim Unknown 0-0: Called Strike
0-1: SINGLE (Line Drive, 6MD)
Stan Barnes to second
Runner from 2nd tries for 3rd, SAFE, no throw or cutoff
Batting: LHB Kyle James 0-0: Ball
1-0: Ball
2-0: Ball
3-0: Base on Balls
Jim Unknown to second
Batting: RHB Pat Lugo 0-0: Fly out, F7 (Flyball, 78D)
Bottom of the 1st over - 0 run(s), 2 hit(s), 0 error(s), 3 left on base; Marquette 0 - Irving 0
TOP OF THE 2ND
Marquette Miners batting - Pitching for Irving Blue Sox : RHP Andy Perry
Batting: LHB Ramón Hernández 0-0: Foul Ball, location: 2F
0-1: Ball
1-1: Ball
2-1: Swinging Strike
2-2: Ball
3-2: Base on Balls
Batting: RHB Adrian Hale 0-0: Called Strike
0-1: Ball
1-1: Ball
2-1: SINGLE (Groundball, 56D)
Ramón Hernández to second
Batting: LHB Joe McElroy 0-0: Ball
1-0: SINGLE (Groundball, 4MD)
Ramón Hernández to third
Adrian Hale to second
Runner from 3rd tries for Home, SAFE, throw made home
Adrian Hale to third
Joe McElroy to second
Batting: RHB Isaac Downey 0-0: Ball
1-0: Ball
2-0: Ground out 6-3 (Groundball, 6)
Adrian Hale scores
Batting: RHB Dave Moulin 0-0: Ball
1-0: Foul Ball, location: 2F
1-1: Ground out 4-3 (Groundball, 4)
Joe McElroy to third
Batting: RHB Jesús López 0-0: Ball
1-0: Called Strike
1-1: Foul Ball, location: 2F
1-2: Ball
2-2: Strikes out swinging
Top of the 2nd over - 2 run(s), 2 hit(s), 0 error(s), 1 left on base; Marquette 2 - Irving 0
BOTTOM OF THE 2ND
Irving Blue Sox batting - Pitching for Marquette Miners : RHP Héctor Rosado
Batting: SHB Ron Peterson 0-0: Ball
1-0: Foul Ball, location: 2F
1-1: Ball
2-1: Ball
3-1: DOUBLE (Groundball, 5L)
Batting: RHB Alfredo Chávez 0-0: Ball
1-0: Ball
2-0: Called Strike
2-1: Foul Ball, location: 2F
2-2: Ground out 5-3 (Groundball, 5)
Batting: RHB Will Hunter 0-0: DOUBLE (Line Drive, 9LS)
Ron Peterson scores
Batting: RHB Nathan Boswell 0-0: Ball
1-0: Ball
2-0: Fly out, F8 (Flyball, 8LM)
Batting: RHB Júlio López 0-0: TRIPLE (Line Drive, 8RXD)
Will Hunter scores
Batting: RHB Stan Barnes 0-0: Foul Ball, location: 2F
0-1: Ball
1-1: Ball
2-1: SINGLE (Line Drive, 4D)
Júlio López scores
Batting: RHB Jim Unknown 0-0: Ball
1-0: Ground out 5-3 (Groundball, 5S)
Bottom of the 2nd over - 3 run(s), 4 hit(s), 0 error(s), 1 left on base; Marquette 2 - Irving 3
TOP OF THE 3RD
Marquette Miners batting - Pitching for Irving Blue Sox : RHP Andy Perry
Batting: SHB Orlando Deleón 0-0: Called Strike
0-1: Foul Ball, location: 2F
0-2: Ball
1-2: Strikes out looking
Batting: RHB Kade Knowles 0-0: Called Strike
0-1: Ball
1-1: Ball
2-1: Swinging Strike
2-2: Foul Ball, location: 2F
2-2: Ball
3-2: Ground out 5-3 (Groundball, 5)
Batting: LHB Jorge Flores 0-0: Foul Ball, location: 2F
0-1: SINGLE (Groundball, 34D)
Batting: LHB Ramón Hernández 0-0: Ball
1-0: Ball
2-0: Called Strike
2-1: Ball
3-1: Called Strike
3-2: SINGLE (Line Drive, 6D)
Jorge Flores to second
Jorge Flores to third
Batting: RHB Adrian Hale 0-0: Swinging Strike
0-1: Foul Ball, location: 2F
0-2: Ball
1-2: Ball
2-2: Ball
3-2: Foul Ball, location: 2F
3-2: Base on Balls
Ramón Hernández to second
Batting: LHB Joe McElroy 0-0: Called Strike
0-1: Ball
1-1: Foul Ball, location: 2F
1-2: SINGLE (Groundball, 34D)
Jorge Flores scores
Ramón Hernández to third
Adrian Hale to second
Runner from 3rd tries for Home, SAFE, no throw or cutoff
Batting: RHB Isaac Downey 0-0: Swinging Strike
0-1: Foul Ball, location: 2F
0-2: Foul Ball, location: 2F
0-2: Foul Ball, location: 2F
0-2: SINGLE (Groundball, 56D)
Adrian Hale to third
Joe McElroy to second
Runner from 3rd tries for Home, SAFE, no throw or cutoff
Batting: RHB Dave Moulin 0-0: Called Strike
0-1: Called Strike
0-2: Strikes out swinging
Top of the 3rd over - 3 run(s), 4 hit(s), 0 error(s), 2 left on base; Marquette 5 - Irving 3
BOTTOM OF THE 3RD
Irving Blue Sox batting - Pitching for Marquette Miners : RHP Héctor Rosado
Batting: LHB Kyle James 0-0: Foul Ball, location: 2F
0-1: Ball
1-1: Ground out 5-3 (Groundball, 56S)
Batting: RHB Pat Lugo 0-0: Ball
1-0: Called Strike
1-1: Swinging Strike
1-2: Ground out 1-3 (Groundball, 15)
Batting: SHB Ron Peterson 0-0: Ball
1-0: Foul Ball, location: 2F
1-1: Ball
2-1: Foul Ball, location: 2F
2-2: Fly out, F7 (Flyball, 78M)
Bottom of the 3rd over - 0 run(s), 0 hit(s), 0 error(s), 0 left on base; Marquette 5 - Irving 3
TOP OF THE 4TH
Marquette Miners batting - Pitching for Irving Blue Sox : RHP Andy Perry
Batting: RHB Jesús López 0-0: Ball
1-0: Swinging Strike
1-1: Swinging Strike
1-2: Ball
2-2: Strikes out swinging
Batting: SHB Orlando Deleón 0-0: Called Strike
0-1: Ball
1-1: Called Strike
1-2: Ball
2-2: Ball
3-2: Strikes out swinging
Batting: RHB Kade Knowles 0-0: Swinging Strike
0-1: Foul Ball, location: 2F
0-2: Ball
1-2: Strikes out swinging
Top of the 4th over - 0 run(s), 0 hit(s), 0 error(s), 0 left on base; Marquette 5 - Irving 3
BOTTOM OF THE 4TH
Irving Blue Sox batting - Pitching for Marquette Miners : RHP Héctor Rosado
Batting: RHB Alfredo Chávez 0-0: Called Strike
0-1: Ball
1-1: Ground out 4-3 (Groundball, 4M)
Batting: RHB Will Hunter 0-0: Fly out, F7 (Flyball, 78D)
Batting: RHB Nathan Boswell 0-0: Foul Ball, location: 2F
0-1: Called Strike
0-2: Foul Ball, location: 2F
0-2: Ball
1-2: Ball
2-2: Ball
3-2: SINGLE (Line Drive, 7S)
Batting: RHB Júlio López 0-0: Called Strike
0-1: Swinging Strike
0-2: Ball
1-2: SINGLE (Groundball, 34D)
Nathan Boswell to second
Runner from 2nd tries for 3rd, SAFE, no throw or cutoff
Batting: RHB Stan Barnes 0-0: Ball
1-0: Foul Ball, location: 2F
1-1: Fly out, F7 (Flyball, 78M)
Bottom of the 4th over - 0 run(s), 2 hit(s), 0 error(s), 2 left on base; Marquette 5 - Irving 3
TOP OF THE 5TH
Marquette Miners batting - Pitching for Irving Blue Sox : RHP Andy Perry
Batting: LHB Jorge Flores 0-0: Ground out 1-3 (Groundball, 13S)
Batting: LHB Ramón Hernández 0-0: Called Strike
0-1: Swinging Strike
0-2: Ground out 3-1 (Groundball, 34)
Batting: RHB Adrian Hale 0-0: Fly out, F9 (Flyball, 89XD)
Top of the 5th over - 0 run(s), 0 hit(s), 0 error(s), 0 left on base; Marquette 5 - Irving 3
BOTTOM OF THE 5TH
Irving Blue Sox batting - Pitching for Marquette Miners : RHP Héctor Rosado
Batting: RHB Jim Unknown 0-0: Ball
1-0: Ball
2-0: SINGLE (Line Drive, 89M)
Batting: LHB Kyle James 0-0: Ball
1-0: Foul Ball, location: 2F
1-1: Foul Ball, location: 2F
1-2: Ball
2-2: SINGLE (Flyball, 8RS)
Jim Unknown to second
Batting: RHB Pat Lugo 0-0: Sac Bunt - play at first, batter OUT! 1-4
Jim Unknown to third
Kyle James to second
Batting: SHB Ron Peterson 0-0: Ball
1-0: Swinging Strike
1-1: Ball
Wild Pitch!
Jim Unknown scores
Kyle James to third
2-1: SINGLE (Groundball, 6M)
Kyle James scores
Batting: RHB Alfredo Chávez 0-0: Ball
1-0: Ball
2-0: Grounds into double play, 4-6-3 (Groundball, 4)
Bottom of the 5th over - 2 run(s), 3 hit(s), 0 error(s), 0 left on base; Marquette 5 - Irving 5
TOP OF THE 6TH
Marquette Miners batting - Pitching for Irving Blue Sox : RHP Andy Perry
Batting: LHB Joe McElroy 0-0: Ball
1-0: Called Strike
1-1: SOLO HOME RUN (Flyball, 9D), Distance : 411 ft
Pitching: RHP Armando Delvalle
Batting: RHB Isaac Downey 0-0: Ball
1-0: Called Strike
1-1: Ball
2-1: Ball
3-1: Called Strike
3-2: SINGLE (Groundball, 6MD)
Batting: RHB Dave Moulin 0-0: Sac Bunt - play at first, batter OUT! 5-4
Isaac Downey to second
Batting: RHB Jesús López 0-0: Ball
1-0: Ground out 6-3 (Groundball, 6M)
Isaac Downey to third
Batting: SHB Orlando Deleón 0-0: Ball
1-0: Called Strike
1-1: Foul Ball, location: 2F
1-2: Ball
2-2: Ball
3-2: Base on Balls
Batting: RHB Kade Knowles 0-0: Ball
1-0: Ball
2-0: Ground out 6-3 (Groundball, 6)
Top of the 6th over - 1 run(s), 2 hit(s), 0 error(s), 2 left on base; Marquette 6 - Irving 5
BOTTOM OF THE 6TH
Irving Blue Sox batting - Pitching for Marquette Miners : RHP Héctor Rosado
Batting: RHB Will Hunter 0-0: Ground out 6-3 (Groundball, 6MS)
Batting: RHB Nathan Boswell 0-0: Ball
1-0: Called Strike
1-1: Foul Ball, location: 2F
1-2: Ball
2-2: Ball
3-2: Foul Ball, location: 2F
3-2: Strikes out swinging
Batting: RHB Júlio López 0-0: Ground out 6-3 (Groundball, 6)
Bottom of the 6th over - 0 run(s), 0 hit(s), 0 error(s), 0 left on base; Marquette 6 - Irving 5
TOP OF THE 7TH
Marquette Miners batting - Pitching for Irving Blue Sox : RHP Armando Delvalle
Batting: LHB Jorge Flores 0-0: Ball
1-0: SINGLE (Groundball, 56D)
Batting: LHB Ramón Hernández 0-0: Ball
1-0: Ball
2-0: Foul Ball, location: 2F
2-1: Called Strike
2-2: Ball
3-2: Ground out 6-3 (Groundball, 6)
Jorge Flores to second
Batting: RHB Adrian Hale 0-0: DOUBLE (Flyball, 8RXD)
Jorge Flores scores
Batting: LHB Joe McElroy 0-0: Ball
1-0: Called Strike
1-1: Called Strike
1-2: Foul Ball, location: 2F
1-2: Fly out, F6 (Line Drive, 6M)
Batting: RHB Isaac Downey 0-0: Ball
1-0: Ball
2-0: Ball
3-0: Base on Balls
Batting: RHB Dave Moulin 0-0: Ball
1-0: Swinging Strike
1-1: Ball
2-1: Called Strike
2-2: Foul Ball, location: 2F
2-2: Strikes out swinging
Top of the 7th over - 1 run(s), 2 hit(s), 0 error(s), 2 left on base; Marquette 7 - Irving 5
BOTTOM OF THE 7TH
Irving Blue Sox batting - Pitching for Marquette Miners : RHP Héctor Rosado
Batting: RHB Stan Barnes 0-0: Ball
1-0: Foul Ball, location: 2F
1-1: Ball
2-1: Fly out, F7 (Flyball, 78M)
Batting: RHB Jim Unknown 0-0: Ball
1-0: Ball
2-0: SINGLE (Groundball, 56)
Batting: LHB Kyle James 0-0: Ball
1-0: Fly out, F9 (Flyball, 89M)
Batting: RHB Pat Lugo 0-0: Called Strike
0-1: Called Strike
0-2: Foul Ball, location: 2F
0-2: Ball
1-2: Ball
2-2: Ball
3-2: Base on Balls
Jim Unknown to second
Batting: SHB Ron Peterson 0-0: Called Strike
0-1: Called Strike
0-2: Ground out 4-3 (Groundball, 4)
Bottom of the 7th over - 0 run(s), 1 hit(s), 0 error(s), 2 left on base; Marquette 7 - Irving 5
TOP OF THE 8TH
Marquette Miners batting - Pitching for Irving Blue Sox : RHP Armando Delvalle
Batting: RHB Jesús López 0-0: Ball
1-0: Ball
2-0: Foul Ball, location: 2F
2-1: Ball
3-1: Fly out, F7 (Flyball, 7M)
Batting: SHB Orlando Deleón 0-0: Called Strike
0-1: Ball
1-1: Called Strike
1-2: Ground out U3 (Groundball, 3S)
Batting: RHB Kade Knowles 0-0: Foul Ball, location: 2F
0-1: Ball
1-1: Foul Ball, location: 2F
1-2: Ground out 6-3 (Groundball, 6)
Top of the 8th over - 0 run(s), 0 hit(s), 0 error(s), 0 left on base; Marquette 7 - Irving 5
BOTTOM OF THE 8TH
Irving Blue Sox batting - Pitching for Marquette Miners : RHP Héctor Rosado
Now at 3B: Fernand Cicarelli
Batting: RHB Alfredo Chávez 0-0: Ball
1-0: Fly out, F7 (Flyball, 7M)
Batting: RHB Will Hunter 0-0: Called Strike
0-1: Ball
1-1: Ball
2-1: Fly out, F8 (Line Drive, 8LM)
Batting: RHB Nathan Boswell 0-0: Ball
1-0: Foul Ball, location: 2F
1-1: Ball
2-1: Swinging Strike
2-2: Ball
3-2: Foul Ball, location: 2F
3-2: SINGLE (Flyball, 9LS)
Pitching: RHP Mike Bentley
Batting: RHB Júlio López 0-0: Ball
1-0: Swinging Strike
1-1: Ball
2-1: Ball
3-1: Called Strike
3-2: 2-RUN HOME RUN (Flyball, 7LD), Distance : 369 ft
Batting: RHB Stan Barnes 0-0: Ball
1-0: Swinging Strike
1-1: Swinging Strike
1-2: Strikes out swinging
Bottom of the 8th over - 2 run(s), 2 hit(s), 0 error(s), 0 left on base; Marquette 7 - Irving 7
TOP OF THE 9TH
Marquette Miners batting - Pitching for Irving Blue Sox : RHP Armando Delvalle
Pitching: RHP Jim Unknown
Batting: LHB Jorge Flores 0-0: Called Strike
0-1: Ball
1-1: Called Strike
1-2: Ball
2-2: Ground out 5-3 (Groundball, 5S)
Batting: LHB Ramón Hernández 0-0: Foul Ball, location: 2F
0-1: Foul Ball, location: 2F
0-2: Foul Ball, location: 2F
0-2: Strikes out swinging
Batting: RHB Adrian Hale 0-0: Foul Ball, location: 2F
0-1: Ground out 4-3 (Groundball, 4)
Top of the 9th over - 0 run(s), 0 hit(s), 0 error(s), 0 left on base; Marquette 7 - Irving 7
BOTTOM OF THE 9TH
Irving Blue Sox batting - Pitching for Marquette Miners : RHP Mike Bentley
Pitching: RHP Gabriel Rodríguez
Batting: RHB Jim Unknown 0-0: Reached on error, E5 (Groundball, 56)
Pinch Hitting: SHB Curt Finley 0-0: Intentional Walk
Batting: RHB Pat Lugo 0-0: Ball
1-0: Called Strike
1-1: Foul Ball, location: 2F
1-2: Foul Ball, location: 2F
1-2: Strikes out looking
Batting: SHB Ron Peterson 0-0: Called Strike
0-1: Swinging Strike
0-2: Foul Ball, location: 2F
0-2: Ball
1-2: Fly out, F7 (Flyball, 7LM)
Batting: RHB Alfredo Chávez 0-0: Ball
1-0: Ball
2-0: Ball
3-0: Base on Balls
Jim Unknown to third
Curt Finley to second
Batting: RHB Will Hunter 0-0: Ball
1-0: Called Strike
1-1: Ball
2-1: Ball
3-1: Base on Balls
Jim Unknown scores
Curt Finley to third
Alfredo Chávez to second
This league is powered by Out of the Park Baseball, the baseball management simulation game for PC, Mac and Linux
Friday, October 23rd, 2015 - OOTP Baseball 16.9 Build 39